 Dungeon Crawl Stone Soup version 0.26-a0-651-gb41185065b (webtiles) character file.

Game seed: 4348782975876256673

65 gbos the Shooter (level 3, 0/20 HPs)
             Began as a Deep Elf Hunter on Oct 25, 2020.
             Slain by a centaur
             ... wielding a cursed +0 shortbow
              (5 damage)
             ... on level 2 of the Dungeon.
             The game lasted 00:02:38 (3134 turns).

gbos the Shooter (Deep Elf Hunter)                  Turns: 3134, Time: 00:02:39

Health: 0/20       AC:  3    Str:  9    XL:     3   Next: 94%
Magic:  5/5        EV: 13    Int: 16    God:
Gold:   122        SH:  0    Dex: 15    Spells: 2/2 levels left

rFire    . . .     SeeInvis .   b - +0 short sword
rCold    . . .     Faith    .   (no shield)
rNeg     . . .     Spirit   .   e - +0 leather armour
rPois    .         Reflect  .   (no helmet)
rElec    .         Harm     .   (no cloak)
rCorr    .         Rampage  .   (no gloves)
MR       .....                  (no boots)
Stlth    ++........             (no amulet)
HPRegen  0.06/turn              (no ring)
MPRegen  0.09/turn              (no ring)

@: stab
A: no striking features
a: no special abilities


You were on level 2 of the Dungeon.
You visited 1 branch of the dungeon, and saw 3 of its levels.

You collected 122 gold pieces.


   Skills:
 - Level 1.5 Fighting
 - Level 5.3 Bows
 + Level 4.0 Dodging
 + Level 3.6 Stealth


You had 2 spell levels left.
You didn't know any spells.
Your spell library was empty.

Inventory:

Hand Weapons
 a - a +1 shortbow
 b - a +0 short sword (weapon)
Missiles
 d - 10 arrows
Armour
 c - a +0 leather armour
 e - a +0 leather armour (worn)
 h - a +0 pair of boots
Jewellery
 f - an uncursed ring of wizardry {unknown}
 v - a +4 ring of protection {unknown}
Scrolls
 g - a scroll of random uselessness {unknown}
 j - a scroll of magic mapping
 m - a scroll of teleportation {@r4}
 o - a scroll of amnesia {unknown}
 p - a scroll of blinking {unknown}
 q - a scroll of remove curse
 t - 2 scrolls of identify {@r1}
 u - a scroll of enchant weapon {unknown}
 w - a scroll of immolation {unknown}
Potions
 i - a potion of mutation {unknown}
 l - 2 potions of degeneration {unknown}
 n - a potion of curing {@q1}
 s - a potion of cancellation {unknown}

Dungeon Overview and Level Annotations

Branches:
Dungeon (3/15)

Altars:
Ru

▒.▒ ▒ ▒.▒ ▒ ▒.▒ ▒▒▒ ▒.▒▒▒▒▒
▒▒▒▒▒.▒ ▒.....▒ ▒.....▒ ▒....)▒
▒▒▒ ▒.▒▒▒.▒ ▒.....▒▒▒▒
▒.▒▒▒▒▒▒▒▒▒▒.▒▒▒.▒
▒........▒▒▒▒▒.................
▒▒........<..ce................
▒▒............▒▒▒▒▒▒▒▒▒▒▒▒▒▒..
▒............................
▒............▒.▒▒▒▒..▒....▒▒▒
▒............▒+▒▒▒▒▒.▒.▒▒.▒
▒▒▒▒▒▒.▒▒▒▒▒..............▒
▒.▒▒▒▒▒.........8....▒
▒..............8.8...▒
▒▒▒▒▒▒▒.......8._.8.▒▒


You could see a centaur.


Message History

There is a stone staircase leading down here.
You hit the centaur.
The centaur is lightly wounded.
The centaur hits you with a cursed +0 shortbow.
* * * LOW HITPOINT WARNING * * *
The centaur closely misses you.
You hit the centaur.
The centaur is moderately wounded.
The centaur closely misses you.
You aren't carrying any items that you can evoke.
Unknown command.
The centaur hits you with a cursed +0 shortbow!
* * * LOW HITPOINT WARNING * * *
The centaur closely misses you.
It was a potion of stabbing.
You feel ready to backstab. The centaur misses you.
You hit the centaur but do no damage.
The centaur is moderately wounded.
The centaur hits you with a cursed +0 shortbow.
* * * LOW HITPOINT WARNING * * *
You hit the centaur but do no damage.
The centaur is moderately wounded.
The centaur hits you with a cursed +0 shortbow.
* * * LOW HITPOINT WARNING * * *
The centaur barely misses you.
It was a potion of magic.
Magic courses through your body.
The centaur hits you with a cursed +0 shortbow.
You die...

Action                   || total
-------------------------++-------
Melee: Short sword       ||    68
 Fire: Shortbow          ||    67
  Use: Scroll            ||     4
       Potion            ||     3
 Stab: Sleeping          ||     4
Armor: Leather armour    ||    22
Dodge: Dodged            ||    63

Levels and vault maps discovered:
D:1:      lightli_arrival_maybe_door_vault, layout_loops_corners,
          minmay_split_cup_large
D:2:      layout_basic, chequers_ecumenical_altar_simple_redux,
          nicolae_ru_awakened_eye
D:3:      layout_loops_ring, nicolae_overflow_crystal_walls,
          minmay_shallow_snake_nest, uniq_terence, uniq_robin

Notes
Turn   | Place    | Note
-------+----------+-------------------------------------------
     0 | D:1      | gbos the Deep Elf Hunter began the quest for the Orb.
     0 | D:1      | Reached XP level 1. HP: 12/12 MP: 3/3
   380 | D:1      | Reached skill level 2 in Stealth
   393 | D:1      | Reached XP level 2. HP: 15/16 MP: 4/4
   394 | D:1      | Reached skill level 3 in Dodging
  1162 | D:1      | Reached XP level 3. HP: 6/20 MP: 5/5
  1467 | D:1      | Reached skill level 3 in Stealth
  1590 | D:2      | Found a sacrificial altar of Ru.
  1621 | D:2      | Found a faded altar of an unknown god.
  1803 | D:2      | HP: 2/20 [adder (5)]
  2815 | D:3      | Reached skill level 4 in Dodging
  2913 | D:3      | Noticed a centaur
  3133 | D:2      | HP: 5/20 [centaur/cursed +0 shortbow (2)]
  3134 | D:2      | Slain by a centaur

Vanquished Creatures
  2 adders
  2 worms
  A dart slug (D:1)
  2 leopard geckos
  2 bats (D:3)
  4 giant cockroaches (D:1)
  4 goblins (D:1)
  4 hobgoblins
  4 jackals (D:1)
  3 frilled lizards
  5 kobolds
  3 rats
36 creatures vanquished.
